 Dungeon Crawl Stone Soup version 0.23.2-1-ga50397a (webtiles) character file.

Game seed: 14229542867200557709

101 IBeShadow the Charmwright (level 4, -2/38 HPs)
             Began as a Gnoll Skald on May 28, 2019.
             Slain by an ogre
             ... wielding a cursed +0 giant club
              (11 damage)
             ... on level 3 of the Dungeon.
             The game lasted 00:02:46 (2363 turns).

IBeShadow the Charmwright (Gnoll Skald)             Turns: 2363, Time: 00:02:46

Health: -2/38      AC: 10    Str: 14    XL:     4   Next: 75%
Magic:  9/11       EV:  8    Int: 16    God:
Gold:   91         SH:  0    Dex: 14    Spells: 5/13 levels left

rFire    . . .     SeeInvis .   a - +0 spear
rCold    . . .     Gourm    .   (no shield)
rNeg     . . .     Faith    .   e - +0 chain mail
rPois    .         Spirit   .   l - +0 helmet
rElec    .         Reflect  .   (no cloak)
rCorr    .         Harm     .   (no gloves)
MR       .....                  (no boots)
Stlth    ..........             (no amulet)
HPRegen  0.12/turn              (no ring)
MPRegen  0.12/turn              (no ring)

@: very slightly contaminated
A: distributed training, fangs 1, strong nose
a: no special abilities


You were on level 3 of the Dungeon.
You were hungry.

You visited 1 branch of the dungeon, and saw 3 of its levels.

You collected 91 gold pieces.

Inventory:

Hand Weapons
 a - a +0 spear (weapon)
Armour
 b - a +0 leather armour
 e - a +0 chain mail (worn)
 l - a +0 helmet (worn)
Jewellery
 i - an uncursed ring of stealth {unknown}
Scrolls
 f - a scroll of enchant armour {unknown}
 g - a scroll of identify {unknown}
 h - a scroll of fog {unknown}
 j - a scroll of enchant weapon {unknown}
 k - a scroll of remove curse {unknown}
 n - a scroll of random uselessness {unknown}
 o - a scroll of amnesia {unknown}
Potions
 c - a potion of haste {unknown}
 m - a potion of cancellation {unknown}
 q - a potion of invisibility
Comestibles
 d - 6 rations
 p - 3 chunks of flesh


   Skills:
 + Level 4.7 Fighting
 + Level 1.2 Short Blades
 + Level 1.2 Long Blades
 + Level 1.2 Axes
 + Level 1.2 Maces & Flails
 + Level 4.7 Polearms
 + Level 1.2 Staves
 + Level 1.2 Slings
 + Level 1.2 Bows
 + Level 1.2 Crossbows
 + Level 1.2 Throwing
 + Level 2.8 Armour
 + Level 4.7 Dodging
 + Level 1.2 Stealth
 + Level 1.2 Shields
 + Level 1.2 Unarmed Combat
 + Level 5.1 Spellcasting
 + Level 1.0 Conjurations
 + Level 1.0 Hexes
 + Level 5.5 Charms
 + Level 1.0 Summonings
 + Level 1.0 Necromancy
 + Level 1.0 Translocations
 + Level 1.0 Transmutations
 + Level 1.0 Fire Magic
 + Level 1.0 Ice Magic
 + Level 1.0 Air Magic
 + Level 1.0 Earth Magic
 + Level 1.0 Poison Magic
 + Level 1.3 Invocations
 + Level 1.2 Evocations


You had 5 spell levels left.
You knew the following spells:

 Your Spells              Type           Power        Failure   Level  Hunger
a - Infusion              Chrm           ###.         36%         1    None
b - Song of Slaying       Chrm           ###.....     52%         2    #......
c - Shroud of Golubria    Chrm/Tloc      ##........   83%         2    #......
d - Regeneration          Chrm/Necr      ##........   96%         3    ###....

Your spell library contained the following spells:

 Spells                   Type           Power        Failure   Level  Hunger
 Spectral Weapon          Hex/Chrm       ##......     96%         3    ###....


Dungeon Overview and Level Annotations

Branches:
Dungeon (3/15)

Altars:


Innate Abilities, Weirdness & Mutations

Your experience applies equally to all skills.
You have very sharp teeth.
Your uncanny sense of smell can sniff out nearby items.


Message History

You miscast Shroud of Golubria.
You are very lightly contaminated with residual magic.
Your skin glows momentarily.
The ogre hits you with a cursed +0 giant club.
You hit the ogre. You bite the ogre, but do no damage.
The ogre is moderately wounded.
The ogre hits you with a cursed +0 giant club!
You hit the ogre.
The ogre is moderately wounded.
The ogre hits you with a cursed +0 giant club.
You barely miss the ogre.
The ogre is moderately wounded.
You hit the ogre.
The ogre is heavily wounded.
The ogre hits you with a cursed +0 giant club!
* * * LOW HITPOINT WARNING * * *
Your chain mail prevents you from hitting the ogre.
The ogre is heavily wounded.
The ogre hits you with a cursed +0 giant club!
You die...

### #.. ..# #.### #.#
#.#.. ... #.#.# #.#
.######### #.#.# #.#
......O@.# #.#.####.####
.#######)###.#.#......).
#........<##.####
#####.#.####.# # #.#.#
#.# # #.#.# #.# .....
..# ##### ###


You could see an ogre.

Vanquished Creatures
  4 adders
  A worm (D:2)
  A dart slug (D:1)
  A leopard gecko (D:2)
  3 orcs (D:3)
  7 bats
  A giant cockroach (D:1)
  4 goblins
  9 hobgoblins
  A quokka (D:3)
  4 ball pythons
  3 frilled lizards
  7 kobolds
  10 rats
56 creatures vanquished.

Notes
Turn   | Place    | Note
-------+----------+-------------------------------------------
     0 | D:1      | IBeShadow the Gnoll Skald began the quest for the Orb.
     0 | D:1      | Reached XP level 1. HP: 20/20 MP: 6/6
    57 | D:1      | HP: 1/20 [kobold/+0 whip (2)]
    62 | D:1      | Reached XP level 2. HP: 2/26 MP: 2/7
   844 | D:1      | Reached XP level 3. HP: 31/31 MP: 9/9
   860 | D:1      | Reached skill level 5 in Spellcasting
  1238 | D:2      | Reached skill level 1 in Invocations
  1453 | D:2      | Reached skill level 1 in Short Blades
  1453 | D:2      | Reached skill level 1 in Long Blades
  1453 | D:2      | Reached skill level 1 in Axes
  1453 | D:2      | Reached skill level 1 in Maces & Flails
  1453 | D:2      | Reached skill level 1 in Staves
  1453 | D:2      | Reached skill level 1 in Slings
  1453 | D:2      | Reached skill level 1 in Bows
  1453 | D:2      | Reached skill level 1 in Crossbows
  1453 | D:2      | Reached skill level 1 in Throwing
  1453 | D:2      | Reached skill level 1 in Stealth
  1453 | D:2      | Reached skill level 1 in Shields
  1453 | D:2      | Reached skill level 1 in Unarmed Combat
  1453 | D:2      | Reached skill level 1 in Evocations
  1622 | D:2      | Reached XP level 4. HP: 24/38 MP: 11/11
  1836 | D:2      | Learned a level 2 spell: Song of Slaying
  1839 | D:2      | Learned a level 2 spell: Shroud of Golubria
  1843 | D:2      | Learned a level 3 spell: Regeneration
  1908 | D:3      | HP: 1/38 [frilled lizard (1)]
  2347 | D:3      | Reached skill level 1 in Conjurations
  2347 | D:3      | Reached skill level 1 in Hexes
  2347 | D:3      | Reached skill level 1 in Summonings
  2347 | D:3      | Reached skill level 1 in Necromancy
  2347 | D:3      | Reached skill level 1 in Translocations
  2347 | D:3      | Reached skill level 1 in Transmutations
  2347 | D:3      | Reached skill level 1 in Fire Magic
  2347 | D:3      | Reached skill level 1 in Ice Magic
  2347 | D:3      | Reached skill level 1 in Air Magic
  2347 | D:3      | Reached skill level 1 in Earth Magic
  2347 | D:3      | Reached skill level 1 in Poison Magic
  2355 | D:3      | Noticed an ogre
  2363 | D:3      | Slain by an ogre

Skill      XL: |  1  2  3  4 |
---------------+-------------+-----
Spellcasting   | 5 |  5.1
Invocations    | 1 |  1.3
Short Blades   | 1 |  1.2
Long Blades    | 1 |  1.2
Axes           | 1 |  1.2
Maces & Flails | 1 |  1.2
Staves         | 1 |  1.2
Slings         | 1 |  1.2
Bows           | 1 |  1.2
Crossbows      | 1 |  1.2
Throwing       | 1 |  1.2
Stealth        | 1 |  1.2
Shields        | 1 |  1.2
Unarmed Combat | 1 |  1.2
Evocations     | 1 |  1.2
Conjurations   | 1 |  1.0
Hexes          | 1 |  1.0
Summonings     | 1 |  1.0
Necromancy     | 1 |  1.0
Translocations | 1 |  1.0
Transmutations | 1 |  1.0
Fire Magic     | 1 |  1.0
Ice Magic      | 1 |  1.0
Air Magic      | 1 |  1.0
Earth Magic    | 1 |  1.0
Poison Magic   | 1 |  1.0
Fighting       | |  4.7
Polearms       | |  4.7
Armour         | |  2.8
Dodging        | |  4.7
Charms         | |  5.5

Action                   |  1- 3 |  4- 6 || total
-------------------------+-------+-------++-------
Melee: Spear             |   136 |    80 ||   216
       Bite              |     8 |     8 ||    16
       Punch             |     1 |     1 ||     2
 Cast: Infusion          |     1 |       ||     1
       Shroud of Golubri |       |     1 ||     1
  Use: Potion            |       |     2 ||     2
 Stab: Sleeping          |     3 |       ||     3
  Eat: Chunk             |     2 |     2 ||     4
Armor: Leather armour    |    20 |     4 ||    24
       Chain mail        |       |    23 ||    23
Dodge: Dodged            |    59 |    31 ||    90
